 Dungeon Crawl Stone Soup version 0.24.1-4-ge52af88ad5 (webtiles) character file.

Game seed: 14307891253084735374, levelgen mode: deterministic

472 Gruesph the Spear-Bearer (level 7, -1/55 HPs)
             Began as a Merfolk Gladiator on Apr 16, 2020.
             Was an Initiate of Okawaru.
             Slain by a centaur (6 damage)
             ... on level 5 of the Dungeon.
             The game lasted 00:16:47 (4555 turns).

Gruesph the Spear-Bearer (Merfolk Gladiator)        Turns: 4555, Time: 00:16:47

Health: -1/55      AC:  8    Str: 15    XL:     7   Next: 9%
Magic:  9/9        EV: 11    Int:  9    God:    Okawaru [......]
Gold:   297        SH:  0    Dex: 15    Spells: 6/6 levels left

rFire    . . .     SeeInvis .   a - +1 trident
rCold    . . .     Gourm    .   (no shield)
rNeg     + . .     Faith    .   x - +0 scale mail
rPois    .         Spirit   .   n - +0 helmet
rElec    .         Reflect  .   h - +0 cloak
rCorr    .         Harm     .   (no gloves)
MR       .....                  (no boots)
Stlth    +.........             (no amulet)
HPRegen  0.18/turn              b - ring of positive energy
MPRegen  0.11/turn              (no ring)

@: no status effects
A: change form in water, swift swim, stealthy swim
a: Renounce Religion


You were on level 5 of the Dungeon.
You worshipped Okawaru.
Okawaru was noncommittal.
You were not hungry.

You visited 2 branches of the dungeon, and saw 6 of its levels.

You collected 297 gold pieces.

Inventory:

Hand Weapons
 a - a +1 trident (weapon)
Missiles
 d - 3 throwing nets
 i - 112 stones (quivered)
Armour
 h - a +0 cloak (worn)
 n - a +0 helmet (worn)
 x - a +0 scale mail (worn)
Jewellery
 b - a ring of positive energy (left hand)
Wands
 g - a wand of paralysis (6)
Scrolls
 e - a scroll of enchant weapon
 r - 4 scrolls of remove curse
Potions
 c - 3 potions of curing
 j - a potion of might {unknown}
 k - a potion of flight {unknown}
 l - 2 potions of brilliance {unknown}
 m - 2 potions of agility {unknown}
 o - a potion of berserk rage {unknown}
 p - a potion of mutation {unknown}
 t - a potion of magic {unknown}
 v - a potion of resistance {unknown}
 z - a potion of cancellation {unknown}
 A - 2 potions of ambrosia {unknown}
 B - 2 potions of haste {unknown}
Comestibles
 f - 4 rations


   Skills:
 + Level 4.4 Fighting
 * Level 8.5 Polearms
 - Level 2.0 Throwing
 - Level 4.0 Dodging
 - Level 2.0 Stealth
 + Level 2.9 Invocations


You had 6 spell levels left.
You didn't know any spells.
Your spell library contained the following spells:

 Spells                   Type           Power        Failure   Level  Hunger
 Magic Dart               Conj           #...         86%         1    ##.....
 Blink                    Tloc           N/A          95%         2    ###....
 Call Imp                 Summ           #.......     95%         2    ###....
 Slow                     Hex            #.......     95%         2    ###....
 Conjure Flame            Conj/Fire      #.......     99%         3    ####...
 Mephitic Cloud           Conj/Pois/Air  #.......     99%         3    ####...


Dungeon Overview and Level Annotations

Branches:
Dungeon (5/15)             Temple (1/1) D:4

Altars:
Ashenzari
Elyvilon
Fedhas
Gozag
Hepliaklqana
Kikubaaqudgha
Makhleb
Okawaru
Qazlal
Ru
Sif Muna
Uskayaw
Vehumet
Xom
Yredelemnul
Zin
The Shining One

Annotations:
D:3 1 runed translucent door, Crazy Yiuf


Message History

You are too injured to fight recklessly!
You are too injured to fight recklessly!
You are too injured to fight recklessly!
You barely miss the centaur.
The centaur unwields a +0 shortbow.
The centaur hits you.
You puncture the centaur!
The centaur is heavily wounded.
The centaur hits you!
* * * LOW HITPOINT WARNING * * *
The centaur unwields a +2 shortbow of velocity.
The centaur hits you.
* * * LOW HITPOINT WARNING * * *
You hit the centaur.
The centaur is severely wounded.
The centaur hits you.
* * * LOW HITPOINT WARNING * * *
The centaur hits you.
* * * LOW HITPOINT WARNING * * *
The centaur hits you.
You die...

##. #..# .# ##.. #..#
####.####... ###..#
#..... ..... .....
#.##.####... ###..##
#.##.# ##.. #$....#
#.##.# ##.
#w#.....####.##.## #.
#...c@((((......# ##.
......c..#######..####..
#.......................
....#..!..........####..
.......##########.# ##.
....... #.# #. .......
#.# #. ...#.. #.# #. #.#
##


You could see 2 centaurs and a worm.

Vanquished Creatures
  An ogre (D:4)
  A scorpion (D:4)
  A crimson imp (D:5)
  2 hounds
  A bullfrog skeleton (D:5)
  A worker ant (D:4)
  An orc wizard (D:3)
  3 gnolls (D:4)
  3 adders
  2 oozes
  3 worms
  A dart slug (D:1)
  2 leopard geckos
  15 orcs
  A ball python (D:2)
  7 giant cockroaches
  7 goblins
  8 hobgoblins
  4 quokkas
  9 bats
  4 frilled lizards
  A giant cockroach zombie (D:5)
  5 kobolds
  A leopard gecko zombie (D:5)
  2 quokka skeletons (D:4)
  6 rats
92 creatures vanquished.

Notes
Turn   | Place    | Note
-------+----------+-------------------------------------------
     0 | D:1      | Gruesph the Merfolk Gladiator began the quest for the Orb.
     0 | D:1      | Reached XP level 1. HP: 16/16 MP: 1/1
   196 | D:1      | Reached XP level 2. HP: 23/23 MP: 2/2
   330 | D:1      | Reached skill level 5 in Polearms
   330 | D:1      | Reached skill level 1 in Stealth
   433 | D:1      | Reached XP level 3. HP: 26/28 MP: 3/3
  1038 | D:2      | Found an iron altar of Okawaru.
  1067 | D:2      | Became a worshipper of Warmaster Okawaru
  1447 | D:3      | Reached XP level 4. HP: 34/34 MP: 4/4
  1561 | D:3      | Reached skill level 6 in Polearms
  2076 | D:3      | Reached XP level 5. HP: 41/41 MP: 5/5
  2122 | D:3      | Reached skill level 1 in Invocations
  2158 | D:3      | Found a runed translucent door.
  2159 | D:3      | Noticed Crazy Yiuf
  3040 | D:4      | Reached skill level 7 in Polearms
  3291 | D:4      | Found a staircase to the Ecumenical Temple.
  3403 | D:4      | Reached XP level 6. HP: 48/48 MP: 7/7
  3802 | D:4      | Reached skill level 8 in Polearms
  4090 | Temple   | Entered the Ecumenical Temple
  4250 | D:5      | Entered Level 5 of the Dungeon
  4453 | D:5      | Reached XP level 7. HP: 54/55 MP: 7/9
  4555 | D:5      | Slain by a centaur

Levels and vault maps discovered:
D:1:      mrwooster_arrival_arrow, layout_rooms
D:2:      layout_basic, okawaru_metal_pillars_1_2, first_ration, st_stairs_4
D:3:      layout_loops_cross, minmay_ruptured, uniq_crazy_yiuf_cottage
D:4:      layout_gridville, minmay_temple_entry_large_hall
D:5:      layout_loops_ring, serial_shops, nicolae_shop_behind_doors,
          uniq_prince_ribbit1
Temple:   nicolae_temple_elliptical

Skill      XL: |  1  2  3  4  5  6 |
---------------+-------------------+-----
Polearms       | 5 6 7 8 |  8.5
Stealth        | 1 2 |  2.0
Fighting       | 3 4 |  4.4
Invocations    | 1 2 |  2.9
Throwing       | |  2.0
Dodging        | |  4.0

Action                   |  1- 3 |  4- 6 |  7- 9 || total
-------------------------+-------+-------+-------++-------
Melee: Trident           |   128 |   215 |    14 ||   357
Throw: Stone             |     8 |     8 |       ||    16
Evoke: Wand              |       |     1 |       ||     1
  Use: Scroll            |       |     8 |       ||     8
 Stab: Sleeping          |     2 |     1 |       ||     3
       Paralysed         |       |     3 |       ||     3
  Eat: Chunk             |     2 |     4 |       ||     6
       Ration            |       |     2 |       ||     2
Armor: Ring mail         |    33 |    30 |       ||    63
       Scale mail        |       |    21 |     2 ||    23
Dodge: Dodged            |    75 |    75 |     8 ||   158
